Map: Catalyst LE

Players

SpeCial - Winner!

  • Race: Terran Terran
  • Spawn Location: 5:00

Zanster

  • Race: Zerg Zerg
  • Spawn Location: 11:00

Event: WCS Valencia 2018

VOD

Have the link to the VOD?

Description

Time

  • Played on: July 12, 2018, 12:56 p.m.
  • Length: 8:17

All games in this series

Show
View Real Time Build Order
Export as new Build Order

SpeCial Terran - Winner!

Build Orders: Hellion Opening, Reaper Expand, Mech 

Get SALT Encoding   

  12  0:00  SCV  
  13  0:13  SCV  
  14  0:18  Supply Depot  
  14  0:25  SCV  
  15  0:39  SCV  
  15  0:40  Barracks  
  16  0:44  Refinery  
  16  0:51  SCV  
  17  1:03  SCV  
  18  1:15  SCV  
  19  1:27  Reaper  
  19  1:28  Orbital Command  
  20  1:42  Command Center  
  20  1:54  SCV  
  21  2:00  Marine  
  21  2:01  Supply Depot  
  21  2:06  SCV  
  22  2:09  Factory  
  22  2:15  Refinery  
  22  2:18  SCV  
  22  2:21  Barracks Reactor  
  23  2:30  SCV  
  24  2:42  SCV  
  25  2:54  SCV  
  25  3:05  Marine  
  25  3:06  Hellion  
  25  3:07  Hellion  
  25  3:08  Orbital Command  
  25  3:10  SCV  
  31  3:13  Ghost Academy  
  31  3:22  SCV  
  31  3:24  Barracks Tech Lab  
  32  3:28  Hellion x2  
  32  3:29  Supply Depot  
  36  3:34  SCV  
  36  3:35  SCV  
  38  3:46  SCV  
  38  3:47  Ghost, SCV  
  42  3:53  Supply Depot  
  42  3:54  Hellion  
  42  3:55  Hellion  
  46  4:00  Armory  
  46  4:03  SCV  
  46  4:05  SCV  
  48  4:15  Ghost  
  48  4:16  Supply Depot  
  50  4:17  SCV  
  50  4:18  SCV  
  50  4:23  Hellion  
  54  4:25  Hellion  
  54  4:30  SCV x2  
  58  4:42  Command Center  
  58  4:51  SCV x2  
  60  4:55  Supply Depot  
  60  4:56  Supply Depot  
  60  4:57  Marine x2  
  65  5:00  Siege Tank  
  65  5:04  Terran Vehicle Weapons Level 1  
  65  5:06  SCV x2  
  67  5:18  SCV x2  
  67  5:19  Marine x2  
  71  5:27  Bunker  
  71  5:30  SCV x2  
  71  5:34  Siege Tank  
  76  5:37  Refinery  
  76  5:38  Refinery  
  76  5:42  SCV  
  76  5:43  SCV  
  76  5:44  Marine x2  
  76  5:46  Factory  
  76  5:49  Factory  
  80  5:55  SCV x2  
  81  6:01  SCV  
  82  6:04  Marine  
  82  6:05  Marine  
  82  6:07  SCV x2  
  82  6:08  Siege Tank  
  81  6:17  Orbital Command  
  75  6:19  Supply Depot, SCV x2  
  71  6:27  Engineering Bay  
  71  6:31  SCV x2  
  73  6:33  Starport, Factory Tech Lab  
  73  6:40  Supply Depot  
  73  6:41  Hellion x2  
  73  6:42  Siege Tank  
  73  6:43  SCV x2  
  73  6:45  Barracks Reactor  
  82  6:51  Orbital Command  
  82  6:53  Supply Depot  
  81  6:55  SCV x2  
  81  6:56  Siege Tank  
  86  7:02  Hellion x2  
  86  7:07  SCV x2  
  92  7:08  Supply Depot  
  92  7:09  Supply Depot  
  92  7:20  Siege Tank  
  95  7:23  SCV x2  
  95  7:24  Hellion x2  
  101  7:32  SCV  
  101  7:35  SCV x2, Siege Tank  
  105  7:44  SCV  
  105  7:46  Missile Turret  
  105  7:47  Hellion x2, SCV x2  
  112  7:51  Refinery  
  112  7:56  SCV  
  119  7:59  SCV  
  119  8:00  SCV  
  119  8:03  Supply Depot  
  119  8:04  Supply Depot  
Show
View Real Time Build Order
Export as new Build Order

Zanster Zerg 

Build Orders: Pool First 

Get SALT Encoding   

  12  0:00  Drone  
  13  0:13  Overlord  
  13  0:17  Drone  
  14  0:31  Drone x2  
  14  0:35  Drone  
  17  0:44  Spawning Pool  
  17  0:48  Drone  
  17  0:56  Drone  
  18  1:12  Hatchery  
  17  1:31  Zergling x6  
  17  1:32  Queen  
  22  1:41  Extractor  
  22  1:42  Overlord  
  21  1:52  Drone  
  22  2:05  Drone  
  23  2:09  Queen  
  23  2:14  Drone  
  26  2:26  Drone  
  26  2:28  Drone  
  28  2:38  Drone  
  28  2:39  Overlord  
  28  2:42  Drone x3  
  31  2:44  Queen  
  32  2:51  Drone  
  32  2:52  Drone  
  32  2:58  Drone  
  34  3:03  Drone  
  35  3:10  Drone  
  36  3:12  Hatchery  
  36  3:17  Drone  
  36  3:18  Drone x2  
  38  3:20  Drone  
  38  3:26  Lair  
  39  3:27  Drone  
  39  3:29  Drone  
  41  3:34  Overlord  
  41  3:36  Drone  
  41  3:39  Drone  
  43  3:46  Roach Warren  
  42  3:49  Zergling x4  
  42  3:52  Overlord  
  45  3:55  Drone  
  45  3:56  Extractor, Drone x2  
  45  3:58  Drone  
  45  4:01  Zergling x2  
  48  4:04  Drone x2  
  48  4:05  Drone  
  48  4:08  Overlord  
  51  4:22  Overlord  
  51  4:25  Glial Reconstitution  
  51  4:28  Roach x5  
  61  4:32  Roach  
  61  4:33  Roach  
  61  4:34  Roach  
  61  4:37  Roach  
  69  4:40  Overlord  
  69  4:44  Spore Crawler  
  68  4:47  Roach x2  
  72  4:56  Roach  
  72  4:57  Roach  
  76  5:04  Roach x2  
  80  5:13  Drone x2  
  80  5:14  Drone x6  
  90  5:21  Overseer  
  90  5:22  Overlord  
  90  5:25  Overlord  
  78  5:38  Extractor x2, Roach  
  78  5:39  Roach  
  78  5:41  Roach x4  
  88  5:44  Overlord  
  88  5:46  Queen x2  
  88  5:47  Roach  
  91  6:02  Roach  
  91  6:03  Roach x2  
  80  6:21  Drone x8  
  88  6:27  Burrow  
  88  6:34  Evolution Chamber  
  88  6:36  Roach  
  89  6:43  Hatchery  
  89  6:44  Overlord  
  88  6:55  Roach x6  
  88  6:58  Roach x2  
  104  7:04  Overlord  
  104  7:05  Overlord  
  104  7:19  Overlord  
  104  7:22  Roach  
  106  7:24  Overlord  
  98  7:32  Roach x13  
  98  7:35  Roach x6  
  106  7:44  Roach x4  
  106  7:48  Roach  
  112  7:54  Overlord  
Tags
 
Add a new tag
Caveats
  • Supply blocks, unpowered buildings, or Contaminate may cause inaccurate times.
  • Supply counts are checked every 10 seconds.